 Dungeon Crawl Stone Soup version 0.20.1-4-g4af34eaf8e (webtiles) character file.

117 Alfie the Shooter (level 4, -7/38 HPs)
             Began as a Minotaur Hunter on Mar 13, 2020.
             Shot with an arrow by a centaur (9 damage)
             ... on level 5 of the Dungeon on Mar 21, 2020.
             The game lasted 00:08:51 (2026 turns).

Alfie the Shooter (Minotaur Hunter)                 Turns: 2026, Time: 00:08:52

Health: -7/38      AC:  5    Str: 17    XL:     4   Next: 71%
Magic:  3/3        EV: 12    Int:  8    God:
Gold:   168        SH:  4    Dex: 11    Spells: 3/3 levels left

rFire    . . .     SeeInvis .   a - +1 shortbow
rCold    + . .     Gourm    .   (shield currently unavailable)
rNeg     . . .     Faith    .   l - +2 leather armour {rC+}
rPois    .         Spirit   .   (helmet restricted)
rElec    .         Reflect  +   (no cloak)
rCorr    .         Harm     .   (no gloves)
MR       .....                  (no boots)
Stlth    +.........             k - +4 amulet of reflection
Regen    0.2/turn               (no ring)
MPRegen  0.1/turn               (no ring)

@: lethally poisoned (-7 -> -10)
A: retaliatory headbutt, horns 2
a: no special abilities


You were on level 5 of the Dungeon.
You were not hungry.

You visited 1 branch of the dungeon, and saw 4 of its levels.

You collected 168 gold pieces.

Inventory:

Hand Weapons
 a - a +1 shortbow (weapon)
 b - a +1 short sword
Missiles
 d - 75 arrows (quivered)
Armour
 l - a +2 leather armour of cold resistance (worn)
Jewellery
 k - a +4 amulet of reflection (around neck)
Wands
 g - a wand of acid (5/15)
Scrolls
 c - a scroll of blinking
 m - a scroll of identify
Potions
 e - 3 potions of curing {unknown}
 h - a potion of cancellation {unknown}
 i - 2 potions of heal wounds {unknown}
 j - a potion of agility
 n - a potion of flight {unknown}
 o - a potion of mutation {unknown}
Comestibles
 f - 4 bread rations


   Skills:
 + Level 3.0 Fighting
 + Level 1.0 Short Blades
 + Level 5.8 Bows
 + Level 1.0 Armour
 + Level 2.9 Dodging
 + Level 0.8 Stealth


You had 3 spell levels left.
You didn't know any spells.

Dungeon Overview and Level Annotations

Branches:
Dungeon (3/15)

Altars:


Innate Abilities, Weirdness & Mutations

You reflexively headbutt those who attack you in melee.
You have a pair of horns on your head.


Message History

The centaur shoots an arrow.
The arrow hits you.
* * * LOW HITPOINT WARNING * * *
You see here an arrow.
The ball python skeleton bites you but does no damage.
The ball python skeleton misses you.
Found a stone staircase leading down.
The centaur shoots an arrow.
The arrow misses you.
The centaur shoots an arrow.
The arrow barely misses you.
Found a scroll of remove curse.
An adder comes into view.
The centaur shoots an arrow.
The arrow hits you.
* * * LOW HITPOINT WARNING * * *
You see here an arrow.
The adder bites you but does no damage. The adder bites you.
* * * LOW HITPOINT WARNING * * *
You are lethally poisoned!
The adder poisons you!
* * * LOW HITPOINT WARNING * * *
You feel sick.
The centaur shoots an arrow.
The arrow hits you!
You die...

#.........# ####
#........# .
#...##........#
.##..........?..#
..........$.c##+#+######
........(...o...(......#
........(####Z.........#
..#.....(####..........#
.........+......@>.....#
.#.......####...S..#####
...oo(....!.......?#
...................#
..o................#
...((.........>.....
.....(...............
...................###
..............


You could see a centaur, an adder, an orc and a ball python skeleton.

Vanquished Creatures
  Ijyb (D:3)
  2 adders (D:2)
  2 worms (D:2)
  3 dart slugs
  5 leopard geckos
  7 bats
  4 giant cockroaches
  4 goblins
  6 hobgoblins
  3 quokkas (D:3)
  5 frilled lizards
  6 kobolds
  12 rats
60 creatures vanquished.

Notes
Turn   | Place    | Note
-------+----------+-------------------------------------------
     0 | D:1      | Alfie the Minotaur Hunter began the quest for the Orb.
     0 | D:1      | Reached XP level 1. HP: 18/18 MP: 0/0
   152 | D:1      | Reached XP level 2. HP: 23/25 MP: 1/1
   346 | D:1      | Reached skill level 5 in Bows
   600 | D:2      | Reached XP level 3. HP: 27/30 MP: 2/2
  1079 | D:2      | Reached XP level 4. HP: 37/37 MP: 3/3
  1492 | D:3      | Noticed Ijyb
  1510 | D:3      | Killed Ijyb
  1510 | D:3      | Reached skill level 1 in Short Blades
  1510 | D:3      | Reached skill level 1 in Armour
  2006 | D:3      | You fall through a shaft for 2 floors!
  2006 | D:5      | Entered Level 5 of the Dungeon
  2011 | D:5      | Noticed a centaur
  2026 | D:5      | Shot with an arrow by a centaur

Skill      XL: |  1  2  3  4 |
---------------+-------------+-----
Bows           | 5 |  5.8
Short Blades   | 1 |  1.0
Armour         | 1 |  1.0
Fighting       | 3 |  3.0
Dodging        | |  2.9
Stealth        | |  0.8

Action                   |  1- 3 |  4- 6 || total
-------------------------+-------+-------++-------
Melee: Short sword       |    33 |    27 ||    60
       Headbutt          |     4 |     5 ||     9
 Fire: Shortbow          |    37 |    28 ||    65
  Use: Scroll            |     4 |     6 ||    10
 Stab: Sleeping          |     1 |       ||     1
  Eat: Bread ration      |       |     1 ||     1
       Fruit             |       |     1 ||     1
Armor: Leather armour    |    13 |     8 ||    21
Dodge: Dodged            |    40 |    22 ||    62
Block: Other             |       |     2 ||     2
